 Dungeon Crawl Stone Soup version 0.30-a0-373-gd37427bb62 (webtiles) character file.

Game seed: 16935129103980018460

356 timneilson the Shield-Bearer (level 6, -3/38 HPs)
             Began as a Gargoyle Fighter on Nov 24, 2022.
             Splashed by a jelly's acid (4 damage)
             ... on level 4 of the Dungeon.
             The game lasted 00:05:34 (2758 turns).

timneilson the Shield-Bearer (Gargoyle Fighter)     Turns: 2758, Time: 00:05:34

Health: -3/38      AC:  6    Str: 21    XL:     6   Next: 63%
Magic:  6/6        EV:  7    Int:  9    God:
Gold:   166        SH:  5    Dex:  9    Spells: 5/5 levels left

rFire   . . .      SeeInvis .    a - +0 long sword
rCold   . . .      Faith    .    c - +1 buckler
rNeg    + . .      Spirit   .    g - +0 chain mail
rPois   ∞          Reflect  .    (no helmet)
rElec   +          Harm     .    (no cloak)
rCorr   .          Rampage  .    (no gloves)
Will    .....                    (no boots)
Stlth   ..........               (no amulet)
HPRegen 0.26/turn                (no ring)
MPRegen 0.10/turn                (no ring)

@: corroded
A: sickness immunity, AC +4, negative energy resistance 1, electricity
resistance, torment resistance 1, petrification resistance
a: no special abilities


You were on level 4 of the Dungeon.
You visited 1 branch of the dungeon, and saw 4 of its levels.

You collected 166 gold pieces.

Inventory:

Hand Weapons
 a - a +0 long sword (weapon)
Armour
 c - a +1 buckler (worn)
 g - a +0 chain mail (worn)
 o - a +0 plate armour
Scrolls
 h - a scroll of blinking
 j - 2 scrolls of poison
 p - a scroll of noise
 s - a scroll of enchant armour
Potions
 b - a potion of haste
 e - a potion of flight
 f - a potion of attraction
 k - a potion of curing
 l - a potion of lignification {unknown}
 n - a potion of resistance {unknown}
 q - a potion of mutation {unknown}


   Skills:
 + Level 4.1 Fighting
 * Level 3.4 Long Blades
 * Level 4.7 Armour
 + Level 1.4 Dodging
 * Level 5.0 Shields


You had 5 spell levels left.
You didn't know any spells.
Your spell library contained the following spells:

 Spells                   Type           Power      Damage    Failure   Level
 Magic Dart               Conj           0%         1d3       99%         1
 Call Imp                 Summ           0%         N/A       100%        2
 Gell's Gravitas          Tloc           0%         N/A       100%        3
 Ignite Poison            Fire/Tmut/Pois 0%         N/A       100%        3
 Kindle Blastsparks       Fire/Tloc/Air  0%         2d10      100%        3
 Mephitic Cloud           Conj/Pois/Air  0%         N/A       100%        3
 Summon Guardian Golem    Hex/Summ       0%         N/A       100%        3
 Teleport Other           Tloc           0%         N/A       100%        3
 Freezing Cloud           Conj/Ice/Air   0%         6-21      100%        5
 Dispersal                Tloc           0%         N/A       100%        6
 Orb of Destruction       Conj           0%         9d5       100%        7
 Spellforged Servitor     Conj/Summ      0%         N/A       100%        7


Dungeon Overview and Level Annotations

Branches:
Dungeon (4/15)
 Temple: D:4-7

Altars:
Ashenzari


Innate Abilities, Weirdness & Mutations

You are immune to sickness and miasma.
Your stone body is resilient. (AC +4)
You are immune to poison.
You resist negative energy. (rN+)
You are resistant to electric shocks. (rElec)
You are resistant to unholy torment.
You are immune to petrification.


Message History

The howler monkey is heavily wounded.
The howler monkey hits you but does no damage.
The howler monkey barely misses you.
You closely miss the howler monkey.
The howler monkey is heavily wounded.
You feel a little less mighty now.
The howler monkey hoots and howls with incredible vigour!
You hear an angry hiss.
You hear a shout! x5; You hear an angry hiss.
You hear a shout!
You hit the howler monkey.
The howler monkey is severely wounded.
The howler monkey hits you but does no damage.
The howler monkey hits you.
You barely miss the howler monkey.
The howler monkey is severely wounded.
The howler monkey hits you.
The howler monkey hits you but does no damage.
The howler monkey hits you.
A ball python comes into view.
You hit the howler monkey.
You kill the howler monkey!
Your Shields skill increases to level 5!
You hit the jelly. The acid corrodes you!
Your hands burn!
The jelly is moderately wounded.
The jelly hits you but does no damage.
You hit the jelly.
Your hands burn!
The jelly is heavily wounded.
The jelly hits you but does no damage.
You hit the jelly.
Your hands burn!
The jelly is heavily wounded.
The jelly hits you but does no damage.
You hit the jelly but do no damage.
Your hands burn!
* * * LOW HITPOINT WARNING * * *
The jelly is heavily wounded.
The jelly hits you but does no damage. The jelly hits you.
* * * LOW HITPOINT WARNING * * *
You are splashed with acid.
* * * LOW HITPOINT WARNING * * *
You hit the jelly but do no damage. The acid corrodes you!
Your hands burn!
You die...

########......######## .
##............#...#...#.
..##..###.....#..S.........
..#..####...###............
..........####.............
..........###..............
..........#....##.........#
#####...#....#.###........#
#.<...##..#....@J.#..##..#
#.###)#..####.###.<.......
# #.#.## # # #...##.###
#.#.# #......... #...#
............... ##..#
............... #...#
............... #<#.#
.>........>.... #..#.#
...............


You could see a jelly.

Vanquished Creatures
  A black bear (D:4)
  A scorpion (D:4)
  A howler monkey (D:4)
  An orc priest (D:4)
  3 gnolls (D:3)
  An adder (D:2)
  3 worms
  3 dart slugs
  7 orcs
  3 endoplasms
  8 goblins
  5 hobgoblins
  5 jackals
  3 quokkas
  6 ball pythons
  9 bats
  2 frilled lizards
  9 kobolds
  7 rats
78 creatures vanquished.

Vanquished Creatures (others)
  An orc wizard (D:4)
1 creature vanquished.

Grand Total: 79 creatures vanquished

Notes
Turn   | Place    | Note
-------+----------+-------------------------------------------
     0 | D:1      | timneilson the Gargoyle Fighter began the quest for the
                  | Orb.
     0 | D:1      | Reached XP level 1. HP: 14/14 MP: 1/1
   187 | D:1      | Reached XP level 2. HP: 19/19 MP: 2/2
   366 | D:1      | Reached XP level 3. HP: 23/23 MP: 3/3
   676 | D:1      | Found a faded altar of an unknown god.
  1221 | D:2      | Reached skill level 4 in Shields
  1466 | D:2      | Reached XP level 4. HP: 28/28 MP: 4/4
  1638 | D:3      | HP: 1/28 [orc/+0 war axe (3)]
  1980 | D:3      | Reached XP level 5. HP: 14/33 MP: 5/5
  2139 | D:3      | Found a broken altar of Ashenzari.
  2565 | D:4      | Reached skill level 1 in Dodging
  2692 | D:4      | Noticed a black bear
  2711 | D:4      | Killed a black bear
  2712 | D:4      | Reached XP level 6. HP: 37/38 MP: 6/6
  2754 | D:4      | Reached skill level 5 in Shields
  2757 | D:4      | HP: 1/38 [acid (6)]
  2758 | D:4      | Splashed by a jelly's acid

Illustrated notes

Levels and vault maps discovered:
D:1:      dpeg_arrival_shelter, layout_basic,
          hellmonk_ecumenical_altar_leap_of_faith
D:2:      layout_loops_cross, minmay_misc_feat_x, amcnicky_mini_pool_small
D:3:      minmay_spotlight, layout_loops_ring, cheibrodos_ashenzari_chains,
          serial_glass, glass_columns_a, glass_columns_b, item_on_display_a,
          minmay_strange_pillars, due_unseen_surprise, item_on_display_a,
          kennysheep_flooded_box, chequers_arboretum, minmay_ruptured
D:4:      layout_rooms, lemuel_tele_altar, hellmonk_ghost_happy_afterlife,
          minmay_quadrilaterals, uniq_robin, uniq_grinder

Skill      XL: |  1  2  3  4  5  6 |
---------------+-------------------+-----
Long Blades    | 2 3 |  3.4
Shields        | 4 5 |  5.0
Armour         | 4 |  4.7
Dodging        | 1 |  1.4
Fighting       | 4 |  4.1

Action                   |  1- 3 |  4- 6 || total
-------------------------+-------+-------++-------
Melee: Long sword        |   201 |   187 ||   388
  Use: Scroll            |     3 |     9 ||    12
       Potion            |       |     2 ||     2
Armor: Scale mail        |   158 |    24 ||   182
       Chain mail        |       |    64 ||    64
Dodge: Dodged            |   121 |    52 ||   173
Block: Buckler           |    55 |    46 ||   101

Table legend: (Time is in decaauts)
 A = Elapsed time spent in this place.
 B = Non-inter-level travel time spent in this place.
 C = Inter-level travel time spent in this place.
 D = Time resting spent in this place.
 E = Time spent auto-exploring this place.
 F = Levels seen in this place.
 G = Mean time per level.
                   A        B        C        D        E       F      G
               +--------+--------+--------+--------+--------+-----+--------+
         Total |   2880 |   2844 |     36 |     84 |   1929 |   4 |  720.0 |
       Dungeon |   2880 |   2844 |     36 |     84 |   1929 |   4 |  720.0 |
               +--------+--------+--------+--------+--------+-----+--------+

Top non-repeatable levels by time:
     D:3: 1012 daAuts
     D:1: 892 daAuts
     D:2: 720 daAuts
     D:4: 255 daAuts
